 Dungeon Crawl Stone Soup version 0.26.0-18-gc5c842f807 (webtiles) character file.

Game seed: 6437294376389951522

3621 thiole the Covert (level 10, -3/62 (66) HPs)
             Began as an Octopode Hedge Wizard on Jan 22, 2021.
             Was an Initiate of Gozag.
             Slain by a wight
             ... wielding a +0 morningstar
              (11 damage)
             ... on level 9 of the Dungeon.
             The game lasted 00:37:01 (10902 turns).

thiole the Covert (Octopode Hedge Wizard)          Turns: 10902, Time: 00:37:02

HP:   -3/62 (66)    AC:  3    Str:  9    XL:     10   Next: 11%
MP:   8/19          EV: 14    Int: 20    God:    Gozag
Gold: 862           SH:  0    Dex: 30    Spells: 10/21 levels left

rFire    . . .     SeeInvis .   a - +1 dagger
rCold    . . .     Faith    .   (no shield)
rNeg     . . .     Spirit   .   b - +2 hat
rPois    +         Reflect  .   y - amulet of regeneration
rElec    .         Harm     .   h - +6 ring of dexterity
rCorr    .         Rampage  .   n - +6 ring of dexterity
Will     .....                  A - +6 ring of dexterity
Stlth    ++++++....             m - ring of poison resistance
HPRegen  0.60/turn              (no ring)
MPRegen  0.16/turn              (no ring)
                                (no ring)
                                (no ring)

@: gold aura, drained
A: almost no armour, stealthy swim, amphibious, 8 rings, constrict 8, camouflage
1, gelatinous body 1
a: Renounce Religion, Potion Petition, Call Merchant, Bribe Branch


You were on level 9 of the Dungeon.
You worshipped Gozag.
Gozag was pleased with you.
You visited 2 branches of the dungeon, and saw 10 of its levels.

You collected 992 gold pieces.
You paid 130 gold pieces to Gozag.

Inventory:

Hand Weapons
 a - a +1 dagger (weapon)
Armour
 b - a +2 hat (worn)
Jewellery
 h - a +6 ring of dexterity (left tentacle)
 l - an uncursed ring of fire
 m - a ring of poison resistance (on tentacle)
 n - a +6 ring of dexterity (right tentacle)
 q - an uncursed ring of see invisible {unknown}
 w - an uncursed amulet of regeneration
 y - an amulet of regeneration (around mantle)
 A - a +6 ring of dexterity (on tentacle)
Wands
 c - a wand of disintegration (4)
 d - a wand of iceblast (14)
 t - a wand of flame (47)
 D - a wand of polymorph (3)
 E - a wand of enslavement (7)
 F - a wand of paralysis (6)
Scrolls
 g - 4 scrolls of enchant weapon
 k - a scroll of noise {unknown}
 r - 2 scrolls of amnesia
 u - 3 scrolls of fear
 x - 5 scrolls of remove curse
 z - 2 scrolls of fog
 B - 3 scrolls of teleportation
 G - a scroll of identify
Potions
 e - a potion of degeneration {unknown}
 f - 2 potions of brilliance
 j - 3 potions of attraction
 o - a potion of lignification {unknown}
 s - 2 potions of might
 v - a potion of berserk rage
 C - 2 potions of magic


   Skills:
 + Level 5.0 Fighting
 - Level 2.0 Dodging
 + Level 8.8 Stealth
 + Level 6.0 Spellcasting
 - Level 7.0 Conjurations
 - Level 2.0 Hexes
 - Level 2.0 Summonings
 - Level 1.0 Translocations
 + Level 2.1 Fire Magic
 + Level 6.3 Air Magic


You had 10 spell levels left.
You knew the following spells:

 Your Spells              Type           Power        Failure   Level
a - Magic Dart            Conj           100%         1%          1
b - Call Imp              Summ           14%          7%          2
c - Lightning Bolt        Conj/Air       16%          19%         5
d - Mephitic Cloud        Conj/Pois/Air  23%          4%          3

Your spell library contained the following spells:

 Spells                   Type           Power        Failure   Level
 Static Discharge         Conj/Air       32%          1%          3
 Conjure Flame            Conj/Fire      24%          4%          3
 Slow                     Hex            14%          7%          2
 Blink                    Tloc           N/A          11%         2
 Ignition                 Fire           7%           100%        8
 Shatter                  Erth           3%           100%        9
 Tornado                  Air            15%          100%        9


Dungeon Overview and Level Annotations

Branches:
Dungeon (9/15)             Temple (1/1) D:7
   Lair: D:8-11         Orc: D:9-12

Altars:
Ashenzari
Cheibriados
Dithmenos
Elyvilon
Fedhas
Gozag
Hepliaklqana
Kikubaaqudgha
Makhleb
Nemelex Xobeh
Okawaru
Qazlal
Ru
Sif Muna
Trog
Uskayaw
Vehumet
Wu Jian
Xom
Yredelemnul
Zin
The Shining One

Shops:
D:5 (   D:9 ?

Annotations:
D:8 Joseph


Innate Abilities, Weirdness & Mutations

You cannot wear most types of armour.
You are very stealthy in the water. (Stealth+)
You are amphibious.
You can wear up to eight rings at the same time.
You can use your tentacles to constrict eight enemies at once.
Your skin changes colour to match your surroundings (Stealth+).
Your rubbery body absorbs attacks. (AC +1, EV +1)


Message History

Casting: Call Imp (safe; 7% risk of failure)
Confirm with . or Enter, or press ? or * to list all spells.
A beastly little devil appears in a puff of flame.
You hit the wight. Your grab misses the wight.
You squeeze the wight, but do no damage.
The wight is moderately damaged.
Your crimson imp hits the wight but does no damage.
The wight hits you with a +0 morningstar!
* * * LOW HITPOINT WARNING * * *
You barely miss the wight. You grab the wight. You squeeze the wight.
The wight is heavily damaged.
You constrict the wight.
Your crimson imp hits the wight but does no damage.
You hit the wight but do no damage.
You squeeze the wight, but do no damage.
The wight is heavily damaged.
You constrict the wight.
The wight hits you with a +0 morningstar!
You die...
Your body crumbles into a pile of gold.

.### .(.#####
....##.##
....#...#
.(.##...##
.#(#.....###
..$......#.######
.#(.........#.#5##
##$$........#5$z@#
#.#...##...#..$.##
.z.#..##..#.....#
....#...:#...#.##
.....#..#.....##
..##.z##..##... ..
.. #.. #.... .#
..#. .. .....


You could see a wight and 2 friendly crimson imps.

Vanquished Creatures
  Maurice (D:8)
  Maggie (D:6)
  Duvessa (D:6)
  A sky beast (D:7)
  A necrophage (D:6)
  2 phantoms
  An ogre (D:8)
  4 centaurs
  Blork the orc (D:5)
  4 bullfrogs
  Dowan (D:6)
  A wyvern zombie (D:3)
  2 scorpions
  2 wights (D:9)
  A bullfrog zombie (D:5)
  A quasit (D:9)
  7 hounds
  3 orc priests
  A gnoll shaman (D:3)
  2 jellies
  5 orc wizards
  A bullfrog skeleton (D:6)
  A centaur skeleton (D:9)
  An iguana (D:4)
  9 worker ants
  5 gnolls (D:4)
  13 adders
  2 shadow imps
  5 white imps
  2 ufetubi
  An ooze (D:6)
  An adder skeleton (D:7)
  2 worms
  4 dart slugs
  6 leopard geckos
  16 orcs
  A bat skeleton (D:2)
  7 giant cockroaches
  11 goblins
  7 hobgoblins
  10 jackals
  8 quokkas
  2 ball pythons
  11 bats
  6 frilled lizards
  A jackal skeleton (D:4)
  7 kobolds
  A leopard gecko skeleton (D:4)
  A quokka skeleton (D:7)
  A quokka zombie (D:6)
  11 rats
197 creatures vanquished.

Vanquished Creatures (collateral kills)
  Menkaure (D:5)
  A black bear (D:6)
  An ice beast (D:5)
  2 ogres
  The ghost of vvl the Skirmisher, an amateur GrFi (D:3)
  A centaur zombie (D:3)
  A jelly (D:8)
  A hound zombie (D:7)
  3 orcs (D:5)
12 creatures vanquished.

Vanquished Creatures (others)
  A howler monkey (D:7)
  A bullfrog zombie (D:7)
  An orc (D:7)
  A quokka (D:7)
4 creatures vanquished.

Grand Total: 213 creatures vanquished

Notes
Turn   | Place    | Note
-------+----------+-------------------------------------------
     0 | D:1      | thiole the Octopode Hedge Wizard began the quest for the
                  | Orb.
     0 | D:1      | Reached XP level 1. HP: 11/11 MP: 4/4
   179 | D:1      | Reached XP level 2. HP: 17/17 MP: 0/6
   191 | D:1      | Learned a level 2 spell: Call Imp
   194 | D:1      | Learned a level 2 spell: Slow
   266 | D:1      | Reached skill level 3 in Stealth
   820 | D:1      | Reached XP level 3. HP: 21/21 MP: 5/7
   824 | D:1      | Learned a level 3 spell: Mephitic Cloud
  1678 | D:2      | Reached XP level 4. HP: 17/27 MP: 9/9
  2190 | D:2      | Reached skill level 1 in Air Magic
  2652 | D:2      | Reached skill level 4 in Stealth
  2790 | D:2      | Reached XP level 5. HP: 30/31 MP: 6/10
  3275 | D:3      | Found a transporter.
  3278 | D:3      | Noticed vvl's ghost (amateur GrFi)
  3279 | D:3      | Found a transporter.
  3471 | D:3      | Found a bloodstained altar of Trog.
  4195 | D:4      | Reached skill level 1 in Fighting
  4195 | D:4      | Reached skill level 1 in Hexes
  4195 | D:4      | Reached XP level 6. HP: 22/38 MP: 7/11
  5005 | D:4      | Reached skill level 5 in Stealth
  5558 | D:5      | Entered Level 5 of the Dungeon
  5604 | D:5      | Reached XP level 7. HP: 38/44 MP: 11/13
  6108 | D:5      | Found Vuohapt's Antique Weapon Boutique.
  6136 | D:5      | Noticed Menkaure
  6609 | D:6      | Noticed Maggie
  6819 | D:6      | Reached XP level 8. HP: 30/51 MP: 2/14
  6930 | D:6      | Noticed Dowan
  6979 | D:6      | Reached skill level 6 in Stealth
  7302 | D:7      | Found a staircase to the Ecumenical Temple.
  7315 | Temple   | Entered the Ecumenical Temple
  7531 | Temple   | Became a worshipper of Gozag Ym Sagoz the Greedy
  7730 | D:7      | Reached skill level 5 in Air Magic
  8209 | D:7      | Found a shimmering altar of Xom.
  8370 | D:8      | Noticed Maurice
  8460 | D:8      | Reached skill level 5 in Spellcasting
  8726 | D:3      | Killed vvl's ghost
  8742 | D:3      | Reached skill level 7 in Stealth
  8742 | D:3      | Reached skill level 5 in Conjurations
  8848 | D:6      | Noticed Duvessa
  8864 | D:6      | Killed Duvessa
  8865 | D:6      | Reached XP level 9. HP: 42/58 MP: 9/16
  8867 | D:6      | Killed Dowan
  9105 | D:6      | Killed Maggie
  9401 | D:5      | Killed Menkaure
  9505 | D:5      | Noticed Blork the orc
  9649 | D:5      | Killed Blork the orc
  9925 | D:8      | Reached skill level 8 in Stealth
 10160 | D:8      | Noticed Joseph
 10385 | D:9      | Reached skill level 1 in Fire Magic
 10400 | D:9      | Found Buleew's Magic Scroll Shop.
 10415 | D:9      | Noticed a cyclops
 10513 | D:8      | Killed Maurice
 10514 | D:8      | Reached XP level 10. HP: 60/65 MP: 18/18
 10716 | D:9      | Learned a level 5 spell: Lightning Bolt
 10802 | D:9      | HP: 3/65 [centaur/cursed -2 shortbow (6)]
 10809 | D:9      | Reached skill level 5 in Fighting
 10902 | D:9      | Slain by a wight

Illustrated notes

Levels and vault maps discovered:
D:1:      ncdulo_wetmaze, layout_rooms, grunt_decor_fettered,
          minmay_split_cup_small
D:2:      layout_basic, minmay_randomly_rotated_circles
D:3:      layout_loops_ring, gammafunk_ghost_mausoleum,
          kennysheep_cluttered_room, trog_hazing_becter
D:4:      layout_basic, st_stairs_14
D:5:      minmay_general_purpose_star, layout_cave_pods, serial_shops,
          kennysheep_mini_moat, serial_co_window_serial, co_window_corner_a,
          co_window_of_opportunity_a, co_window_paths_a, co_window_corner_a,
          co_window_paths_a, co_window_corner_a, co_window_of_opportunity_a,
          co_window_corner_a, co_window_corner_a, co_window_broadway_c,
          co_window_broadway_a, co_window_corner_cb, co_window_corner_ca,
          co_window_2corner, co_window_paths_e, co_window_paths_d,
          glass_columns_a, glass_columns_b, glass_columns_c, uniq_blork_the_orc,
          uniq_menkaure
D:6:      layout_basic, grunt_ministairs_7, minivault_19, uniq_duvessa,
          uniq_maggie
D:7:      layout_rooms, xom_confusion_cloud,
          minmay_temple_entry_statues_fountains, chequers_serial_rivers_small_3,
          dk_noncrumbling_4
D:8:      layout_loops_ring, minmay_misc_feat_room, uniq_maurice, uniq_joseph
D:9:      layout_cross, david_lair_generic, serial_shops, shop, minivault_26,
          minmay_fractal_squares_diagonal_5
Temple:   kilobyte_greek_temple

Skill      XL: |  1  2  3  4  5  6  7  8  9 10 |
---------------+-------------------------------+-----
Stealth        | 3 4 5 7 8 |  8.8
Conjurations   | 2 3 5 6 7 |  7.0
Summonings     | 2 |  2.0
Air Magic      | 2 3 4 5 6 |  6.3
Fighting       | 1 2 3 4 5 |  5.0
Hexes          | 1 2 |  2.0
Spellcasting   | 4 5 6 |  6.0
Fire Magic     | 1 2 |  2.1
Dodging        | |  2.0
Translocations | |  1.0

Action                   |  1- 3 |  4- 6 |  7- 9 | 10-12 || total
-------------------------+-------+-------+-------+-------++-------
Melee: Dagger            |    59 |   122 |   183 |    28 ||   392
       Constrict         |    18 |    31 |    34 |     4 ||    87
       Tentacles         |    10 |    38 |    70 |    16 ||   134
 Cast: Magic Dart        |    64 |   151 |   145 |     7 ||   367
       Call Imp          |       |       |    53 |     4 ||    57
       Mephitic Cloud    |       |       |    11 |       ||    11
       Lightning Bolt    |       |       |       |     2 ||     2
Evoke: Wand              |       |       |    12 |     2 ||    14
  Use: Scroll            |     2 |     5 |    12 |       ||    19
       Potion            |       |     1 |     7 |     2 ||    10
 Stab: Sleeping          |     1 |       |     8 |       ||     9
       Distracted        |       |       |     4 |     1 ||     5
       Confused          |       |       |     4 |       ||     4
Armor: Skin              |     2 |     8 |    15 |     1 ||    26
Dodge: Dodged            |    40 |    85 |    94 |    15 ||   234
